 Dungeon Crawl Stone Soup version 0.27.1-3-gb3d3a73c9e (webtiles) character file.

Game seed: 9443306063365393361

9 Urokeeper the Sneak (level 2, 0/19 HPs)
             Began as an Octopode Brigand on Oct 21, 2021.
             Slain by a hobgoblin (4 damage)
             ... on level 1 of the Dungeon.
             The game lasted 00:01:42 (555 turns).

Urokeeper the Sneak (Octopode Brigand)               Turns: 555, Time: 00:01:43

Health: 0/19       AC:  1    Str: 10    XL:     2   Next: 12%
Magic:  2/2        EV: 13    Int: 13    God:
Gold:   14         SH:  0    Dex: 13    Spells: 1/1 levels left

rFire    . . .     SeeInvis .   a - +2 dagger
rCold    . . .     Faith    .   (no shield)
rNeg     . . .     Spirit   .   (helmet restricted)
rPois    .         Reflect  .   (no amulet)
rElec    .         Harm     .   (no ring)
rCorr    .         Rampage  .   (no ring)
Will     .....                  (no ring)
Stlth    ++++......             (no ring)
HPRegen  0.06/turn              (no ring)
MPRegen  0.08/turn              (no ring)
                                (no ring)
                                (no ring)

@: no status effects
A: almost no armour, amphibious, 8 rings, camouflage 1, gelatinous body 1,
(nimble swimmer 1), tentacles
a: no special abilities


You were on level 1 of the Dungeon.
You visited 1 branch of the dungeon, and saw 1 of its levels.

You collected 14 gold pieces.

Inventory:

Hand Weapons
 a - a +2 dagger (weapon)
 h - a +0 short sword
Missiles
 b - 8 poisoned darts (quivered)
 c - 2 curare-tipped darts
Armour
 f - a +0 buckler
Wands
 e - a wand of iceblast (7)
Potions
 d - a potion of curing {unknown}
 g - a potion of attraction {unknown}


   Skills:
 + Level 2.1 Fighting
 - Level 2.0(2.1) Short Blades
 * Level 0.9(1.5) Long Blades
 - Level 2.0 Throwing
 + Level 1.2 Dodging
 + Level 5.4 Stealth


You had one spell level left.
You didn't know any spells.
Your spell library was empty.

Dungeon Overview and Level Annotations

Branches:
Dungeon (1/15)

Altars:


Innate Abilities, Weirdness & Mutations

You cannot wear most types of armour.
You are amphibious.
You can wear up to eight rings at the same time.
Your skin changes colour to match your surroundings (Stealth+).
Your rubbery body absorbs attacks. (AC +1, EV +1)
((You are camouflaged near water. (Stealth+)))
You have tentacles for arms and can constrict up to eight enemies at once.


Message History

You kill the endoplasm!
You have reached level 2!
You see here a +0 short sword.
h - a +0 short sword A rat and a hobgoblin come into view.
An endoplasm comes into view.
A hobgoblin comes into view.
Found a stone staircase leading down.
The hobgoblin closely misses you.
The hobgoblin shouts!
You hit the hobgoblin. Your grab misses the hobgoblin.
The hobgoblin is severely wounded.
The endoplasm quivers.
The hobgoblin hits you. The hobgoblin completely misses you.
You hit the hobgoblin.
You kill the hobgoblin!
A rat comes into view.
The hobgoblin hits you.
You hit the hobgoblin. You grab the hobgoblin.
The hobgoblin is heavily wounded.
You constrict the hobgoblin. The hobgoblin hits you.
You are too injured to fight recklessly!
Unknown command.
You release your grip on the hobgoblin.
The rat bites you.
* * * LOW HITPOINT WARNING * * *
Throw: 8 darts (poison)
Press: ? - help, Q - select action, (/) - cycle Shift-Dir - straight line, f - rat
Aim: a rat (59% to hit)
Okay, then.
You barely miss the rat. You grab the rat. You constrict the rat.
The rat barely misses you.
You hit the rat.
The rat is severely wounded.
You constrict the rat.
You kill the rat!
You closely miss the hobgoblin. Your grab misses the hobgoblin.
The hobgoblin is moderately wounded.
The hobgoblin hits you.
You die...

############ #####
#...........
####...###.#####..###
#.......##.#####..###
#.#.................#
#.#.....##.#####..#.#
#......###.#####)....
####.### #..........#
#@# #######.##### #g#
.....##.#
####.###†....##.#
#....J.J.....##.#
#.##.##.......... #
#.##......##..
..#.>.#r.###..
###.###...r. # #..#..


You could see an endoplasm and a hobgoblin.

Vanquished Creatures
  2 endoplasms (D:1)
  A goblin (D:1)
  A hobgoblin (D:1)
  A frilled lizard (D:1)
  2 kobolds (D:1)
  A rat (D:1)
8 creatures vanquished.

Notes
Turn   | Place    | Note
-------+----------+-------------------------------------------
     0 | D:1      | Urokeeper the Octopode Brigand began the quest for the Orb.
     0 | D:1      | Reached XP level 1. HP: 14/14 MP: 1/1
   317 | D:1      | Reached XP level 2. HP: 6/19 MP: 2/2
   555 | D:1      | Slain by a hobgoblin

Illustrated notes

Levels and vault maps discovered:
D:1:      saegor_arrival_simple_a, layout_loops_cross, minmay_stone_trees_small,
          chequers_serial_rivers_micro_d, hangedman_decor_clover_reticule,
          grunt_decor_cap, chequers_serial_rivers_micro_b, dk_noncrumbling_4

Action                   || total
-------------------------++-------
Melee: Dagger            ||    22
       Constrict         ||     3
       Tentacles         ||     1
 Stab: Sleeping          ||     2
Dodge: Dodged            ||     8
